 Dungeon Crawl Stone Soup version 0.31-a0-848-gaac375c287 (webtiles) character file.

Game seed: 8574520679066052566

1987 Maratek the Chopper (level 9, -24/61 HPs)
             Began as an Octopode Fighter on Oct 4, 2023.
             Annihilated by a boulder beetle (26 damage)
             ... on level 7 of the Dungeon.
             The game lasted 00:10:03 (6793 turns).

Maratek the Chopper (Octopode Fighter)              Turns: 6793, Time: 00:10:04

Health: -24/61     AC:  1    Str: 20    XL:     9   Next: 21%
Magic:  14/14      EV: 13    Int: 10    God:
Gold:   364        SH:  4    Dex: 11    Spells: 14/15 levels left

rFire   . . .        a - +2 war axe
rCold   . . .        b - +0 buckler
rNeg    . . .        (helmet restricted)
rPois   .            (no amulet)
rElec   .            d - +4 ring of slaying
rCorr   .            g - ring of wizardry
SInv    .            q - +4 ring of slaying
Will    .....        e - ring of flight
Stlth   ++++         (no ring)
HPRegen 0.30/turn    (no ring)
MPRegen 0.14/turn    (no ring)
                     (no ring)

%: wizardry (x1)
@: mighty, flying
A: almost no armour, amphibious, 8 rings, camouflage 1, gelatinous body 1,
(nimble swimmer 1), tentacles
a: no special abilities


You were on level 7 of the Dungeon.
You visited 1 branch of the dungeon, and saw 7 of its levels.

You collected 364 gold pieces.

Inventory:

Hand Weapons
 a - a +2 war axe (weapon)
Armour
 b - a +0 buckler (worn)
Jewellery
 d - a +4 ring of slaying (left tentacle)
 e - a ring of flight (on tentacle)
 g - a ring of wizardry (right tentacle)
 q - a +4 ring of slaying (on tentacle)
Wands
 n - a wand of flame (17)
 r - a wand of charming (4)
Scrolls
 j - 2 scrolls of revelation
 m - a scroll of fog
 p - a scroll of amnesia
Potions
 c - a potion of might
 k - a potion of resistance {unknown}
 l - 2 potions of brilliance
 o - a potion of ambrosia
 t - a potion of curing {unknown}
 u - 2 potions of enlightenment {unknown}


   Skills:
 + Level 5.2 Fighting
 + Level 6.8 Axes
 + Level 4.1 Dodging
 + Level 5.1 Stealth
 + Level 3.9 Shields
 + Level 3.6 Spellcasting
 + Level 3.3 Conjurations
 + Level 3.5 Fire Magic
 + Level 0.2 Evocations


You had 14 spell levels left.
You knew the following spells:

 Your Spells              Type           Power      Damage    Failure   Level
a - Foxfire               Conj/Fire      32%        2x1d5     3%          1

Your spell library contained the following spells:

 Spells                   Type           Power      Damage    Failure   Level
 Volatile Blastmotes      Fire/Tloc      10%        2d10      19%         3
 Cigotuvi's Dreadful Rot  Necr/Pois/Air  2%         N/A       21%         2
 Dazzling Flash           Conj/Hex       10%        N/A       21%         3
 Dispel Undead            Necr           1%         3d6       75%         4
 Starburst                Conj/Fire      4%         6d3       99%         6
 Death Channel            Necr           0%         N/A       100%        6
 Plasma Beam              Fire/Air       2%         2x1d12    100%        6
 Maxwell's Capacitive Co  Air            0%         ∞         100%        8


Dungeon Overview and Level Annotations

Branches:
Dungeon (7/15)
 Temple: D:4-7

Altars:

Annotations:
D:7 Pikel


Innate Abilities, Weirdness & Mutations

You cannot wear most types of armour.
You are amphibious.
You can wear up to eight rings at the same time.
Your skin changes colour to match your surroundings (Stealth+).
Your rubbery body absorbs attacks. (AC +1, EV +1)
((You are camouflaged when in or above water. (Stealth+)))
You have tentacles for arms and can constrict up to eight enemies at once.


Message History

You see here 36 gold pieces.
You now have 364 gold pieces (gained 36).
The boulder beetle leaps!
You start resting.
A boulder beetle is nearby!
Aiming: Charm
Press: ? - help, Q - select action, (/) - cycle Shift-Dir - straight line, f - boulder beetle
Aim: a boulder beetle (heavily wounded, chance to affect: 31%)
The boulder beetle easily resists.
Aiming: Throw Flame
Press: ? - help, Q - select action, (/) - cycle Shift-Dir - straight line, f/p - boulder beetle
Aim: a boulder beetle (heavily wounded, 100% to hit)
The puff of flame hits the boulder beetle but does no damage.
The boulder beetle is heavily wounded.
The boulder beetle leaps!
The boulder beetle leaps!
A wight comes into view. It is wielding a +3 scimitar.
A wight comes into view. It is wielding a +0 short sword.
You hit the boulder beetle but do no damage.
The boulder beetle is moderately wounded.
You block the boulder beetle's attack.
You hit the boulder beetle.
The boulder beetle is moderately wounded.
The boulder beetle bites you.
You slash the boulder beetle!
The boulder beetle is heavily wounded.
The boulder beetle bites you.
You slice the boulder beetle!!
The boulder beetle is severely wounded.
The boulder beetle leaps!
Found a spear.
The boulder beetle curls into a ball and begins rolling!
A lemure comes into view.
The boulder beetle hits you!!
* * * LOW HITPOINT WARNING * * *
The boulder beetle stops rolling and uncurls.
The lemure shouts!
You hear a shout!
The boulder beetle bites you!!
You die...

.......#........#####.
######.#......5..## #.#
#.#....###...# #.# ###
#........5...###.# ..#
#.......#.K...##.# #z#
###...###.#....###.# #.#
#.........#).))###.# #.#
####......#...........###.#
#.....###.#.###.@.........#
..........#.....:B....#####
.......#.....#..°.###.#
...###.# ###.#...####.# ...
.# #...#....# ... .V
)....#.#### #. ###
.###..#.# ......#.# #...#.#


You could see a boulder beetle, Pikel and 2 lemures.

Vanquished Creatures
  Grinder (D:4)
  Sigmund (D:3)
  A vampire (D:7)
  Menkaure (D:4)
  An orc warrior (D:6)
  An ice beast (D:5)
  A black bear (D:7)
  A centaur (D:6)
  A phantom (D:6)
  3 scorpions
  A wight (D:7)
  An orc priest (D:6)
  A gnoll bouda (D:6)
  4 hounds
  3 iguanas
  3 orc wizards
  11 gnolls
  2 adders
  3 white imps
  2 ufetubi
  3 worms
  2 dart slugs
  20 orcs
  4 endoplasms
  4 giant cockroaches
  5 goblins
  5 hobgoblins
  4 jackals (D:5)
  4 quokkas
  12 ball pythons
  3 bats
  5 kobolds
  7 rats
121 creatures vanquished.

Vanquished Creatures (collateral kills)
  A scorpion (D:7)
1 creature vanquished.

Vanquished Creatures (others)
  A sky beast (D:7)
  148 foxfires
149 creatures vanquished.

Grand Total: 271 creatures vanquished

Notes
Turn   | Place    | Note
-------+----------+-------------------------------------------
     0 | D:1      | Maratek the Octopode Fighter began the quest for the Orb.
     0 | D:1      | Reached XP level 1. HP: 16/16 MP: 1/1
   239 | D:1      | Reached XP level 2. HP: 21/21 MP: 2/2
   383 | D:1      | Reached XP level 3. HP: 23/26 MP: 3/3
   722 | D:1      | Reached skill level 1 in Stealth
  1004 | D:2      | Learned a level 1 spell: Foxfire
  1095 | D:2      | Reached XP level 4. HP: 32/32 MP: 4/4
  1769 | D:3      | Noticed a scorpion
  1780 | D:3      | Killed a scorpion
  1781 | D:3      | Reached skill level 3 in Axes
  1781 | D:3      | Reached XP level 5. HP: 24/36 MP: 1/6
  1871 | D:3      | Noticed Sigmund
  1884 | D:3      | Killed Sigmund
  1885 | D:3      | Reached skill level 1 in Conjurations
  1885 | D:3      | Reached skill level 1 in Fire Magic
  1885 | D:3      | Reached XP level 6. HP: 16/43 MP: 1/9
  2265 | D:3      | Found a faded altar of an unknown god.
  2394 | D:4      | Noticed Menkaure
  2399 | D:4      | Killed Menkaure
  2400 | D:4      | Reached XP level 7. HP: 13/47 MP: 6/11
  2914 | D:4      | Noticed Grinder
  2921 | D:4      | Killed Grinder
  2922 | D:4      | Reached skill level 4 in Axes
  3412 | D:5      | Entered Level 5 of the Dungeon
  4439 | D:5      | Reached XP level 8. HP: 40/54 MP: 3/13
  5096 | D:6      | HP: 1/54 [gnoll bouda/+0 whip (6)]
  5443 | D:6      | Reached skill level 5 in Axes
  6583 | D:7      | Reached skill level 5 in Fighting
  6583 | D:7      | Reached skill level 6 in Axes
  6655 | D:7      | Reached skill level 5 in Stealth
  6655 | D:7      | Reached XP level 9. HP: 56/61 MP: 14/14
  6696 | D:7      | HP: 1/61 [something (5)]
  6705 | D:7      | Noticed Pikel
  6738 | D:7      | Noticed a boulder beetle
  6792 | D:7      | HP: 2/61 [boulder beetle (21)]
  6793 | D:7      | Annihilated by a boulder beetle

Illustrated notes

Levels and vault maps discovered:
D:1:      ncdulo_halloftheorcs, layout_basic, grunt_decor_mini_mirrors
D:2:      layout_rooms
D:3:      layout_rooms, shapermc_ecumenical_altar_notcrosses, uniq_sigmund
D:4:      layout_basic, nicolae_titane, uniq_grinder, uniq_menkaure
D:5:      layout_loops_ring
D:6:      layout_gridville, nicolae_zen_rock_garden, nicolae_elevator_lobby_plus
D:7:      hangedman_cross_stitches, layout_loops_ring, temple_fountains,
          grunt_tough_drop, uniq_pikel

Skill      XL: |  1  2  3  4  5  6  7  8  9 |
---------------+----------------------------+-----
Stealth        | 1 2 3 4 5 |  5.1
Axes           | 3 4 6 |  6.8
Spellcasting   | 2 3 |  3.6
Conjurations   | 1 2 3 |  3.3
Fire Magic     | 1 2 3 |  3.5
Fighting       | 4 5 |  5.2
Dodging        | 4 |  4.1
Shields        | |  3.9
Evocations     | |  0.2

Action                     |  1- 3 |  4- 6 |  7- 9 || total
---------------------------+-------+-------+-------++-------
  Melee: War axe           |    63 |    20 |   104 ||   187
         Constrict         |    19 |     4 |    24 ||    47
         Tentacles         |     6 |     3 |    20 ||    29
         Punch             |     1 |       |     2 ||     3
   Cast: Foxfire           |     3 |    41 |    46 ||    90
  Evoke: Wand              |       |       |     6 ||     6
    Use: Scroll            |       |       |    18 ||    18
         Potion            |       |       |     3 ||     3
   Stab: Sleeping          |     8 |     2 |     9 ||    19
 Armour: Skin              |    20 |    10 |    76 ||   106
  Dodge: Dodged            |    46 |    10 |    76 ||   132
  Block: Buckler           |     5 |     4 |    31 ||    40

Table legend: (Time is in decaauts)
 A = Elapsed time spent in this place.
 B = Non-inter-level travel time spent in this place.
 C = Inter-level travel time spent in this place.
 D = Time resting spent in this place.
 E = Time spent auto-exploring this place.
 F = Levels seen in this place.
 G = Mean time per level.
                   A        B        C        D        E       F      G
               +--------+--------+--------+--------+--------+-----+--------+
         Total |   6854 |   6676 |    178 |   1440 |   4303 |   7 |  979.1 |
       Dungeon |   6854 |   6676 |    178 |   1440 |   4303 |   7 |  979.1 |
               +--------+--------+--------+--------+--------+-----+--------+

Top non-repeatable levels by time:
     D:6: 1708 daAuts
     D:5: 1463 daAuts
     D:4: 1021 daAuts
     D:3: 939 daAuts
     D:1: 911 daAuts
     D:2: 575 daAuts
     D:7: 235 daAuts
